 Dungeon Crawl Stone Soup version 0.25-a0-869-g05d4e06a41 (console) character file.

Game seed: 10040057932149325002, levelgen mode: classic

1211 Duffy the Blocker (level 8, -4/58 HPs)
             Began as a Formicid Fighter on May 1, 2020.
             Was an Elder of Cheibriados.
             Splashed by Pikel's acid (11 damage)
             ... on level 7 of the Dungeon.
             The game lasted 00:08:15 (6141 turns).

Duffy the Blocker (Formicid Fighter)                Turns: 6141, Time: 00:08:16

Health: -4/58      AC:  3    Str: 31    XL:     8   Next: 74%
Magic:  12/12      EV: 10    Int: 18    God:    Cheibriados [****..]
Gold:   358        SH: 17    Dex: 19    Spells: 7/7 levels left

rFire    . . .     SeeInvis +   a - +0 war axe
rCold    + . .     Gourm    .   c - +1 kite shield
rNeg     . . .     Faith    .   z - +0 troll leather armour
rPois    .         Spirit   .   (helmet unavailable)
rElec    .         Reflect  +   (no cloak)
rCorr    .         Harm     .   (no gloves)
MR       +....                  (no boots)
Stlth    +.........             y - amulet "Laxt" {Reflect rC+ MR+ SH+3}
HPRegen  0.59/turn              j - +3 ring of protection
MPRegen  0.13/turn              (no ring)

@: corroded, studying Dodging, very slow
A: permanent stasis, dig shafts and tunnels, four strong arms, antennae 3
a: Dig, Shaft Self, Bend Time, Temporal Distortion, Slouch, Renounce Religion


You were on level 7 of the Dungeon.
You worshipped Cheibriados.
Cheibriados was greatly pleased with you.
You were not hungry.

You visited 1 branch of the dungeon, and saw 7 of its levels.

You collected 358 gold pieces.

Inventory:

Hand Weapons
 a - a +0 war axe (weapon)
 x - a +0 morningstar
Missiles
 m - 25 poisoned darts
 s - a throwing net (quivered)
 u - 13 boomerangs
 B - 5 javelins
Armour
 c - a +1 kite shield (worn)
 k - a +0 chain mail
 l - a +2 robe of cold resistance
 z - a +0 troll leather armour (worn)
Jewellery
 j - a +3 ring of protection (left hand)
 t - an uncursed ring of fire
 y - the amulet "Laxt" (around neck) {Reflect rC+ MR+ SH+3}
   (You found it on level 4 of the Dungeon)

   [amulet of reflection]

   It shields you and reflects attacks.
   It protects you from cold.
   It affects your resistance to hostile enchantments.
   It affects your SH (+3).
Wands
 v - a wand of polymorph (3)
Scrolls
 e - 4 scrolls of enchant armour
 q - 3 scrolls of remove curse
Potions
 b - a potion of degeneration {unknown}
 d - a potion of might
 g - a potion of resistance {unknown}
 h - 6 potions of curing
 i - 6 potions of lignification {unknown}
 n - a potion of heal wounds {unknown}
 o - 2 potions of brilliance {unknown}
 p - a potion of stabbing {unknown}
Books
 A - a manual of Dodging
Comestibles
 f - 15 rations


   Skills:
 - Level 3.2 Fighting
 + Level 6.1 Axes
 - Level 3.2 Armour
 + Level 8.0 Shields
 + Level 6.1 Invocations


You had 7 spell levels left.
You didn't know any spells.
Your spell library was empty.

Dungeon Overview and Level Annotations

Branches:
Dungeon (7/15)             Temple (0/1) D:4

Altars:
Ashenzari
Cheibriados
Dithmenos
Gozag
Hepliaklqana
Makhleb
Nemelex Xobeh
Okawaru
Ru
Trog
Wu Jian

Shops:
D:4 :

Annotations:
D:7 Pikel


Innate Abilities, Weirdness & Mutations

You cannot be hasted, slowed, berserked, paralysed or teleported.
You can dig through walls and to a lower floor.
Your four strong arms can wield two-handed weapons with a shield.
You have a pair of large antennae on your head. (SInv)


Message History

You are too injured to fight recklessly!
You are too injured to fight recklessly!
You are too injured to fight recklessly!
You are too injured to fight recklessly!
You hit Pikel.
Pikel is heavily wounded.
Pikel says, "I'm sure the Orcish Mines are around here somewhere..."
You block Pikel's attack.
You closely miss Pikel.
Pikel is heavily wounded.
Pikel zaps a wand.
The bolt of acid hits you.
You are splashed with acid!
You block Pikel's attack.
You hit Pikel.
Pikel is severely wounded.
You block Pikel's attack.
You hit Pikel but do no damage.
Pikel is severely wounded.
Pikel zaps a wand.
The bolt of acid hits you. The acid corrodes you!
You are splashed with acid!
You die...

.. #.# . .# #..# .(. (#.#
#...####.####..# ..
+........##....# ###+#..
#........####'###..)....
#...............#.....#
#...............#.....+
................#.....#
#######'###....@#{....#
#...##...#######Kp....#
.##....#...#.....{p.....#
.....)<'...#............#
.......#...#............#
.###..##...+............#
##+######............#
....#######.... .... ....


You could see Pikel and 2 slaves.

Vanquished Creatures
  An orc warrior (D:6)
  2 black bears (D:6)
  2 ogres (D:5)
  An electric eel (D:6)
  A crimson imp (D:3)
  A bullfrog zombie (D:5)
  2 hounds
  A gnoll shaman (D:5)
  2 orc priests
  3 orc wizards
  A bullfrog skeleton (D:5)
  Jessica (D:3)
  An iguana (D:6)
  3 worker ants
  8 gnolls (D:5)
  5 adders
  2 oozes
  2 worms
  3 dart slugs
  3 leopard geckos
  18 orcs
  8 giant cockroaches
  8 goblins
  11 hobgoblins
  15 jackals
  5 kobolds
  6 quokkas
  4 ball pythons
  10 bats
  4 frilled lizards
  A jackal skeleton (D:6)
  10 rats
145 creatures vanquished.

Vanquished Creatures (others)
  An orc (D:6)
1 creature vanquished.

Grand Total: 146 creatures vanquished

Notes
Turn   | Place    | Note
-------+----------+-------------------------------------------
     0 | D:1      | Duffy the Formicid Fighter began the quest for the Orb.
     0 | D:1      | Reached XP level 1. HP: 18/18 MP: 1/1
    84 | D:1      | Reached XP level 2. HP: 19/24 MP: 2/2
   293 | D:1      | Reached skill level 4 in Shields
   796 | D:1      | Reached XP level 3. HP: 23/29 MP: 3/3
   970 | D:2      | Found a bloodstained altar of Trog.
  1398 | D:2      | Found a snail-covered altar of Cheibriados.
  1419 | D:2      | Became a worshipper of Cheibriados the Contemplative
  1767 | D:2      | Reached XP level 4. HP: 35/35 MP: 4/4
  2061 | D:3      | Reached * piety under Cheibriados
  2113 | D:3      | Reached skill level 5 in Shields
  2113 | D:3      | Reached skill level 1 in Invocations
  2113 | D:3      | Reached XP level 5. HP: 25/41 MP: 5/5
  2625 | D:3      | Noticed Jessica
  2639 | D:3      | Killed Jessica
  2777 | D:3      | Found a hazy altar of Hepliaklqana.
  2996 | D:4      | Found a staircase to the Ecumenical Temple.
  3026 | D:4      | Reached ** piety under Cheibriados
  3026 | D:4      | Reached XP level 6. HP: 22/47 MP: 7/7
  3312 | D:4      | Got a crude bronze amulet
  3342 | D:4      | Identified the amulet "Laxt" {Reflect rC+ MR+ SH+3} (You
                  | found it on level 4 of the Dungeon)
  3578 | D:4      | Found Qulu's Book Shoppe.
  3587 | D:4      | Found an ornate altar of the Wu Jian Council.
  3819 | D:4      | Found an iron altar of Okawaru.
  3972 | D:5      | Entered Level 5 of the Dungeon
  4156 | D:5      | Reached skill level 6 in Shields
  4184 | D:5      | Found a burning altar of Makhleb.
  4191 | D:5      | Reached XP level 7. HP: 48/52 MP: 9/9
  4248 | D:5      | Reached skill level 5 in Axes
  4259 | D:5      | Reached *** piety under Cheibriados
  4430 | D:5      | Reached skill level 7 in Shields
  4438 | D:5      | Found a sparkling altar of Nemelex Xobeh.
  4549 | D:5      | Found a shattered altar of Ashenzari.
  5016 | D:6      | Found a sacrificial altar of Ru.
  5025 | D:6      | Reached skill level 5 in Invocations
  5025 | D:6      | Reached XP level 8. HP: 51/58 MP: 11/11
  5627 | D:6      | Found a shadowy altar of Dithmenos.
  5670 | D:6      | Noticed a troll
  5671 | D:6      | Found an opulent altar of Gozag.
  5675 | D:6      | a troll changed into a black bear
  5679 | D:6      | Reached **** piety under Cheibriados
  5920 | D:6      | Reached skill level 8 in Shields
  6128 | D:7      | Noticed Pikel
  6141 | D:7      | Splashed by Pikel's acid

Levels and vault maps discovered:
D:1:      mrwooster_arrival_statue_3, layout_loops_corners
D:2:      layout_loops_ring, bloody_trog, nicolae_overflow_crystal_walls,
          first_ration, chequers_avenue
D:3:      layout_rooms, lemuel_doored_altar, minmay_increasing_density,
          uniq_jessica
D:4:      layout_basic, kennysheep_little_box, temple_pool_b, serial_shops,
          nicolae_shop_statue_plus, lemuel_altar_in_water
D:5:      layout_loops_cross, nemelex_xobeh_ov_fountains_minmay,
          kennysheep_mini_moat, old_standard_altar, portal_sewer_entry_e
D:6:      layout_cave_pools, grunt_gozag_breadcrumbs, nicolae_ru_awakened_eye,
          grunt_dithmenos_smoke, nicolae_lava_and_water,
          hangedman_abyss_or_decor_lesser_grid, minmay_manual_mail
D:7:      layout_gridville, roderic_three_in_a_row, the_bakery,
          minmay_manual_maat, uniq_duvessa, uniq_pikel, uniq_crazy_yiuf_cottage

Skill      XL: |  1  2  3  4  5  6  7  8 |
---------------+-------------------------+-----
Shields        | 4 5 6 7 8 |  8.0
Axes           | 3 4 5 6 |  6.1
Invocations    | 1 2 3 5 6 |  6.1
Fighting       | |  3.2
Armour         | |  3.2

Action                   |  1- 3 |  4- 6 |  7- 9 || total
-------------------------+-------+-------+-------++-------
Melee: War axe           |   135 |   204 |   144 ||   483
Throw: Javelin           |       |       |     5 ||     5
       Throwing net      |       |       |     1 ||     1
 Abil: Dig               |       |     4 |    13 ||    17
Evoke: Wand              |       |       |     1 ||     1
  Use: Scroll            |       |       |    11 ||    11
       Potion            |       |       |     1 ||     1
 Stab: Invisible         |       |       |     6 ||     6
       Held in net/web   |       |       |     1 ||     1
       Sleeping          |       |       |     1 ||     1
  Eat: Chunk             |     3 |     6 |     4 ||    13
       Ration            |       |       |     1 ||     1
Armor: Scale mail        |    67 |   102 |    34 ||   203
       Chain mail        |       |       |     8 ||     8
       Troll leather arm |       |       |     2 ||     2
Dodge: Dodged            |    45 |    78 |    54 ||   177
Block: Kite shield       |    97 |   173 |   127 ||   397
       Reflection        |       |       |     4 ||     4

Table legend:
 A = Non-vault XP
 B = Vault XP
 C = Vault XP percentage of total XP
 D = Non-vault monster count
 E = Vault monster count
 F = Vault count percentage of total count
                 A         B        C        D         E       F
            +---------+---------+-------+---------+---------+-------
      Total |    1666 |      64 |   3.7 |     140 |       6 |   4.1
            +---------+---------+-------+---------+---------+-------
        D:1 |      34 |       0 |   0.0 |      21 |       0 |   0.0
        D:2 |      39 |       0 |   0.0 |      24 |       0 |   0.0
        D:3 |     124 |      49 |  28.3 |      31 |       4 |  11.4
        D:4 |     122 |       0 |   0.0 |      16 |       0 |   0.0
        D:5 |     638 |       0 |   0.0 |      21 |       0 |   0.0
        D:6 |     709 |      15 |   2.1 |      27 |       2 |   6.9
            +---------+---------+-------+---------+---------+-------
